WCHLSIM.com - West Coast Hockey League
html PUBLIC "-//W3C//DTD XHTML 1.0 Transitional//EN" "http://www.w3.org/TR/xhtml1/DTD/xhtml1-transitional.dtd"> WCHL - Game 190 - WINNIPEG BEAVERS vs REGINA FALCONS

WINNIPEG BEAVERS vs REGINA FALCONS

Created - 10 décembre 2020 at 21:43

Goals
1 2 3 T
WINNIPEG BEAVERS 0 0 2 2
REGINA FALCONS 3 3 0 6
Shots
1 2 3 T
WINNIPEG BEAVERS 8 9 11 28
REGINA FALCONS 10 12 8 30

1st period

1. REGINA FALCONS , Jonathan Audy-Marchessault 5 (Ryan Getzlaf 10) at 5:44
2. REGINA FALCONS , David Pastrnak 6 (Brenden Dillon 2, Jonathan Miller 10) at 8:03
3. REGINA FALCONS , Patrik Laine 3 (Ryan Getzlaf 11) at 17:04

Penalties :
No Penalty

2nd period

4. REGINA FALCONS , Jonathan Miller 9 (David Pastrnak 11, Max Pacioretty 7) at 1:14
5. REGINA FALCONS , Jonathan Miller 10 (Max Pacioretty 8, Brandon Carlo 9) at 4:03 (PP)
6. REGINA FALCONS , Jonathan Audy-Marchessault 6 (Brandon Carlo 10, Erik Gustafsson 1) at 13:35 (PP)

Penalties :
Brenden Dillon (REG) for Hooking (Minor) at 1:48, Brad Marchand (WIN) for Hooking (Minor) at 3:11, Brenden Dillon (REG) for High sticking (Minor) at 7:12, Carson Soucy (WIN) for Holding Stick (Minor) at 12:58, Brandon Carlo (REG) for Hooking (Minor) at 17:52

3rd period

7. WINNIPEG BEAVERS , Ondrej Palat 6 (Gustav Nyquist 5, Dylan DeMelo 4) at 9:19 (PP)
8. WINNIPEG BEAVERS , Brad Marchand 10 (Mika Zibanejad 6) at 14:45 (PP)

Penalties :
Travis Dermott (WIN) for Hooking (Minor) at 2:04, Jonathan Audy-Marchessault (REG) for Hooking (Minor) at 5:48, Jonathan Miller (REG) for Roughing (Minor) at 8:13, David Pastrnak (REG) for Slashing (Minor) at 9:31, Derick Brassard (REG) for Tripping (Minor) at 12:52, Max Pacioretty (REG) for Holding (Minor) at 16:05

Goalie Stats

Linus Ullmark (WIN), 7 saves from 11 shots - (0,636), L, 0-3-0, 21:14 minutes
Sergei Bobrovsky (WIN), 17 saves from 19 shots - (0,895), 38:46 minutes
Tristan Jarry (REG), 26 saves from 28 shots - (0,929), W, 5-2-1, 60:00 minutes

Players Stats for WINNIPEG BEAVERS

Player Name              G  A  P  +/- PIM S  H  SB GA TA FO     MP     PP MP  PK MP  
------------------------------------------------------------------------------------
Brad Marchand            1  0  1  -2  2   6  2  1  0  0  0/0    19:27   7:01   0:00 
Brandon Tanev            0  0  0   0  0   2  0  0  0  0  0/1    12:26   0:14   0:00 
Carson Soucy             0  0  0  -2  2   0  0  1  0  0  0/0    12:45   1:11   0:00 
Colin Wilson             0  0  0  -1  0   0  0  0  0  0  0/0     5:42   0:00   0:00 
David Krejci             0  0  0  -1  0   2  1  0  0  0  16/27  21:15   7:15   1:13 
Dylan DeMelo             0  1  1  -2  0   1  2  1  0  0  0/0    23:10   6:21   1:13 
Gustav Nyquist           0  1  1  -2  0   2  0  0  0  0  1/1    21:20   7:15   1:39 
Ian Cole                 0  0  0   0  0   2  1  1  0  0  0/0    24:04   6:45   1:39 
Joe Pavelski             0  0  0  -1  0   2  1  0  0  0  2/2    19:19   6:48   0:00 
Justin Braun             0  0  0   0  0   1  1  0  0  0  0/0    24:04   6:45   1:39 
Kris Russell             0  0  0  -2  0   0  0  1  0  0  0/0    17:35   0:38   1:13 
Michael Raffl            0  0  0  -1  0   1  0  0  0  0  0/0     5:42   0:00   0:00 
Mika Zibanejad           0  1  1  -2  0   4  1  1  0  0  16/22  19:28   7:02   0:00 
Ondrej Palat             1  0  1  -1  0   4  2  0  0  0  0/1    20:49   7:15   1:13 
Sean Kuraly              0  0  0   0  0   0  0  0  0  0  0/3    11:46   0:00   0:00 
Steven Lorentz           0  0  0  -1  0   0  1  0  0  0  2/5     5:42   0:00   0:00 
Travis Dermott           0  0  0  -2  2   0  3  0  0  0  0/0    18:20   6:54   0:00 
Travis Zajac             0  0  0   0  0   1  0  0  0  0  9/19   13:35   0:00   1:39 

Players Stats for REGINA FALCONS

Player Name              G  A  P  +/- PIM S  H  SB GA TA FO     MP     PP MP  PK MP  
------------------------------------------------------------------------------------
Anton Stralman           0  0  0   0  0   0  2  1  0  0  0/0    24:22   0:40   5:37 
Brandon Carlo            0  2  2   1  2   1  2  1  0  0  0/0    22:06   2:12   6:57 
Brenden Dillon           0  1  1   3  4   0  2  0  0  0  0/0    12:59   0:00   1:13 
Corey Perry              0  0  0   0  0   0  1  0  0  0  1/1     8:49   0:00   0:00 
David Pastrnak           1  1  2   2  2   5  2  0  0  0  0/1    18:00   1:14   0:00 
Denis Malgin             0  0  0   0  0   0  0  0  0  0  2/14   12:20   0:00   9:21 
Derick Brassard          0  0  0   0  2   1  2  0  0  0  6/12   11:47   0:00   0:00 
Erik Gustafsson          0  1  1   0  0   0  0  0  0  0  0/0     4:17   2:12   0:00 
Erik Johnson             0  0  0   0  0   0  1  3  0  0  0/0    21:37   0:00   5:37 
Filip Zadina             0  0  0   0  0   4  0  0  0  0  0/1    13:45   0:00   4:56 
Jonathan Audy-Marchessau 2  0  2   2  2   4  2  0  0  0  1/2    16:34   1:38   0:41 
Jonathan Miller          2  1  3   2  2   4  1  0  0  0  11/15  17:24   1:14   0:00 
Marc-Edouard Vlasic      0  0  0   1  0   1  0  2  0  0  0/0    21:38   0:00   8:40 
Matt Martin              0  0  0   0  0   0  1  0  0  0  0/1    11:39   0:00   8:40 
Max Pacioretty           0  2  2   2  2   1  2  0  0  0  1/2    17:24   1:14   0:00 
Olli Maatta              0  0  0   3  0   0  0  0  0  0  0/0    12:58   0:40   0:30 
Patrik Laine             1  0  1   2  0   7  0  0  0  0  0/0    15:54   1:38   0:00 
Ryan Getzlaf             0  2  2   2  0   2  2  0  0  0  13/32  21:26   1:38   4:56 

3 Stars

1 - Jonathan Miller (REG)
2 - Jonathan Audy-Marchessault (REG)
3 - David Pastrnak (REG)

Power Play

WINNIPEG BEAVERS - 2 on 8 Attempt(s) - 25,00%
REGINA FALCONS - 2 on 3 Attempt(s) - 66,67%

Penalty Kill

WINNIPEG BEAVERS - 1 on 3 Attempt(s) - 33,33% - Score 0 goal in Penalty Kill
REGINA FALCONS - 6 on 8 Attempt(s) - 75,00% - Score 0 goal in Penalty Kill

Team Stat

WINNIPEG BEAVERS - Hits : 15 - Faceoff Wins : 46 - Blocked Shots : 6 - Penalty Minutes : 6
REGINA FALCONS - Hits : 20 - Faceoff Wins : 35 - Blocked Shots : 7 - Penalty Minutes : 16

Official

Referees : Beaudry Halkidis and Francois St-Laurent
Linesman : Tony Sericolo and Jeff Walker

Game Notes

Sergei Bobrovsky enters game at 1:14 of 2nd period

Finance

Level 1 -- Attendance: 4061 (67,68%) -- Ticket Income 1 015 250 $
Level 2 -- Attendance: 2568 (51,36%) -- Ticket Income 513 600 $
Level 3 -- Attendance: 1178 (58,90%) -- Ticket Income 176 700 $
Level 4 -- Attendance: 2279 (56,98%) -- Ticket Income 227 900 $
Luxury Box -- Attendance: 1000 (100,00%) -- Ticket Income 220 000 $
Game was played at the Larouche Arena.
Total Attendance: 11086 (61,59%)
Total Ticket Income: 2 153 450 $
Other Income: 753 708 $
Total Income: 2 907 158 $

WINNIPEG BEAVERS

5 vs 5 Forward 
   Center                   Left Wing                Right Wing               Time % Phy DF OF 
 1 Mika Zibanejad           Brad Marchand            Gustav Nyquist           33     0   2  3  
 2 David Krejci             Ondrej Palat             Joe Pavelski             33     0   3  2  
 3 Travis Zajac             Brandon Tanev            Sean Kuraly              24     1   3  1  
 4 Steven Lorentz           Colin Wilson             Michael Raffl            10     1   3  1  

5 vs 5 Defense 
   Defense                  Defense                                           Time % Phy DF OF 
 1 Ian Cole                 Justin Braun                                      34     0   2  3  
 2 Kris Russell             Dylan DeMelo                                      33     1   3  1  
 3 Travis Dermott           Carson Soucy                                      23     1   4  0  
 4 Ian Cole                 Justin Braun                                      10     1   2  2  

PowerPlay Forward 
   Center                   Left Wing                Right Wing               Time % Phy DF OF 
 1 Mika Zibanejad           Brad Marchand            Joe Pavelski             52     1   1  3  
 2 David Krejci             Ondrej Palat             Gustav Nyquist           48     1   0  4  

PowerPlay Defense
   Defense                  Defense                                           Time % Phy DF OF 
 1 Ian Cole                 Justin Braun                                      52     0   1  4  
 2 Travis Dermott           Dylan DeMelo                                      48     0   1  4  

Penalty Kill 4 Players Forward 
   Center                   Wing                     Time % Phy DF OF 
 1 David Krejci             Ondrej Palat             51     0   4  1  
 2 Travis Zajac             Gustav Nyquist           49     0   4  1  

Penalty Kill 4 Players Defense
   Defense                  Defense                  Time % Phy DF OF 
 1 Ian Cole                 Justin Braun             52     1   4  0  
 2 Kris Russell             Dylan DeMelo             48     1   4  0  

Penalty Kill - 3 Players Forward 
   Forward                                           Time % Phy DF OF 
 1 Travis Zajac                                      50     0   5  0  
 2 David Krejci                                      50     0   5  0  

Penalty Kill - 3 Players Defense
   Defense                  Defense                  Time % Phy DF OF 
 1 Ian Cole                 Justin Braun             51     1   4  0  
 2 Kris Russell             Dylan DeMelo             49     1   4  0  

4 vs 4 Forward 
   Center                   Wing                     Time % Phy DF OF 
 1 David Krejci             Brad Marchand            50     1   2  2  
 2 Travis Zajac             Joe Pavelski             50     1   2  2  

4 vs 4 Defense
   Defense                  Defense                  Time % Phy DF OF 
 1 Ian Cole                 Justin Braun             52     1   2  2  
 2 Kris Russell             Dylan DeMelo             48     1   2  2  

Last Minutes Offensive
   Center                   Left Wing                Right Wing               Defense                  Defense                  
   Mika Zibanejad           Brad Marchand            Joe Pavelski             Ian Cole                 Justin Braun             

Last Minutes Defensive
   Center                   Left Wing                Right Wing               Defense                  Defense                  
   Mika Zibanejad           Brad Marchand            Joe Pavelski             Ian Cole                 Justin Braun             

Goaltenders
Starting : Linus Ullmark            
Backup : Sergei Bobrovsky         

Extra Forwards
Normal : Joe Pavelski, Mika Zibanejad, Brad Marchand - PP : Gustav Nyquist, Brandon Tanev - PK : Brandon Tanev
Extra Defensemen
Normal : Travis Dermott, Carson Soucy, Kris Russell - PP : Travis Dermott - PK : Carson Soucy, Kris Russell
Penalty Shots
Brad Marchand, Mika Zibanejad, Joe Pavelski, David Krejci, Ondrej Palat
Custom OT Lines Forwards
Brad Marchand, Mika Zibanejad, Joe Pavelski, David Krejci, Travis Zajac, Ondrej Palat, Gustav Nyquist, Brandon Tanev, Sean Kuraly, Michael Raffl
Custom OT Lines Defensemen
Ian Cole, Justin Braun, Kris Russell, Dylan DeMelo, Travis Dermott

Scratches
None

REGINA FALCONS

5 vs 5 Forward 
   Center                   Left Wing                Right Wing               Time % Phy DF OF 
 1 Jonathan Miller          Max Pacioretty           David Pastrnak           36     0   1  4  
 2 Ryan Getzlaf             Patrik Laine             Jonathan Audy-Marchessaul34     0   1  4  
 3 Derick Brassard          Filip Zadina             Corey Perry              24     0   3  2  
 4 Denis Malgin             Matt Martin              Derick Brassard          6      1   3  1  

5 vs 5 Defense 
   Defense                  Defense                                           Time % Phy DF OF 
 1 Anton Stralman           Erik Johnson                                      38     0   4  1  
 2 Marc-Edouard Vlasic      Brandon Carlo                                     34     0   4  1  
 3 Brenden Dillon           Olli Maatta                                       28     0   4  1  
 4 Erik Gustafsson          Anton Stralman                                    0      0   3  2  

PowerPlay Forward 
   Center                   Left Wing                Right Wing               Time % Phy DF OF 
 1 Jonathan Miller          Max Pacioretty           David Pastrnak           55     0   0  5  
 2 Ryan Getzlaf             Patrik Laine             Jonathan Audy-Marchessaul45     0   0  5  

PowerPlay Defense
   Defense                  Defense                                           Time % Phy DF OF 
 1 Brandon Carlo            Erik Gustafsson                                   55     0   1  4  
 2 Olli Maatta              Anton Stralman                                    45     0   1  4  

Penalty Kill 4 Players Forward 
   Center                   Wing                     Time % Phy DF OF 
 1 Denis Malgin             Matt Martin              55     0   5  0  
 2 Ryan Getzlaf             Filip Zadina             45     0   5  0  

Penalty Kill 4 Players Defense
   Defense                  Defense                  Time % Phy DF OF 
 1 Marc-Edouard Vlasic      Brandon Carlo            55     0   5  0  
 2 Anton Stralman           Erik Johnson             45     0   5  0  

Penalty Kill - 3 Players Forward 
   Forward                                           Time % Phy DF OF 
 1 Jonathan Miller                                   55     0   5  0  
 2 Ryan Getzlaf                                      45     0   5  0  

Penalty Kill - 3 Players Defense
   Defense                  Defense                  Time % Phy DF OF 
 1 Anton Stralman           Erik Johnson             55     0   5  0  
 2 Marc-Edouard Vlasic      Brandon Carlo            45     0   5  0  

4 vs 4 Forward 
   Center                   Wing                     Time % Phy DF OF 
 1 Ryan Getzlaf             David Pastrnak           55     0   1  4  
 2 Jonathan Miller          Patrik Laine             45     0   4  1  

4 vs 4 Defense
   Defense                  Defense                  Time % Phy DF OF 
 1 Anton Stralman           Erik Johnson             55     0   1  4  
 2 Marc-Edouard Vlasic      Brandon Carlo            45     0   4  1  

Last Minutes Offensive
   Center                   Left Wing                Right Wing               Defense                  Defense                  
   Jonathan Miller          Max Pacioretty           David Pastrnak           Erik Gustafsson          Brandon Carlo            

Last Minutes Defensive
   Center                   Left Wing                Right Wing               Defense                  Defense                  
   Ryan Getzlaf             Jonathan Miller          David Pastrnak           Anton Stralman           Erik Johnson             

Goaltenders
Starting : Tristan Jarry            
Backup : Anton Khudobin           

Extra Forwards
Normal : Jonathan Audy-Marchessault, Corey Perry, Derick Brassard - PP : Jonathan Audy-Marchessault, Patrik Laine - PK : Matt Martin
Extra Defensemen
Normal : Brenden Dillon, Olli Maatta, Marc-Edouard Vlasic - PP : Brenden Dillon - PK : Olli Maatta, Brenden Dillon
Penalty Shots
Jonathan Miller, Ryan Getzlaf, David Pastrnak, Max Pacioretty, Patrik Laine
Custom OT Lines Forwards
Jonathan Miller, Ryan Getzlaf, David Pastrnak, Max Pacioretty, Patrik Laine, Derick Brassard, Jonathan Audy-Marchessault, Corey Perry, Matt Martin, Denis Malgin
Custom OT Lines Defensemen
Anton Stralman, Erik Johnson, Marc-Edouard Vlasic, Brandon Carlo, Brenden Dillon

Scratches
None


% Time on Ice - WINNIPEG BEAVERS

Lines # - Real PCT - Wanted PCT - Time Play
Normal Forward
1 - 29% - 33% - 12:26
2 - 29% - 33% - 12:21
3 - 28% - 24% - 11:46
4 - 13% - 10% - 5:42
Normal Defense
1 - 32% - 34% - 13:43
2 - 36% - 33% - 15:18
3 - 27% - 23% - 11:27
4 - 4% - 10% - 1:47
PP Forward
1 - 49% - 52% - 7:02
2 - 51% - 48% - 7:15
PP Defense
1 - 47% - 52% - 6:45
2 - 53% - 48% - 7:32
PK Forward
1 - 42% - 51% - 1:13
2 - 58% - 49% - 1:39
PK Defense
1 - 58% - 52% - 1:39
2 - 42% - 48% - 1:13
PK3 Forward
1 - 0% - 50%
2 - 0% - 50%
PK3 Defense
1 - 0% - 51%
2 - 0% - 49%
44 Forward
1 - 72% - 50% - 0:26
2 - 28% - 50% - 0:10
44 Defense
1 - 28% - 52% - 0:10
2 - 72% - 48% - 0:26
Last Minute Offensive  - 0:00
Last Minute Defensive  - 0:00
Total
Forward - 60:00
Defense - 60:00

% Time on Ice - REGINA FALCONS

Lines # - Real PCT - Wanted PCT - Time Play
Normal Forward
1 - 38% - 36% - 16:11
2 - 34% - 34% - 14:16
3 - 21% - 24% - 8:49
4 - 7% - 6% - 2:59
Normal Defense
1 - 37% - 38% - 15:50
2 - 30% - 34% - 12:32
3 - 28% - 28% - 11:48
4 - 5% - 0% - 2:05
PP Forward
1 - 43% - 55% - 1:14
2 - 57% - 45% - 1:38
PP Defense
1 - 77% - 55% - 2:12
2 - 23% - 45% - 0:40
PK Forward
1 - 65% - 55% - 9:21
2 - 35% - 45% - 4:56
PK Defense
1 - 61% - 55% - 8:40
2 - 39% - 45% - 5:37
PK3 Forward
1 - 0% - 55%
2 - 0% - 45%
PK3 Defense
1 - 0% - 55%
2 - 0% - 45%
44 Forward
1 - 100% - 55% - 0:36
2 - 0% - 45% - 0:00
44 Defense
1 - 28% - 55% - 0:10
2 - 72% - 45% - 0:26
Last Minute Offensive  - 0:00
Last Minute Defensive  - 0:00
Total
Forward - 60:00
Defense - 60:00

Play-by-Play

1st period


0:01 of 1st period - Jonathan Miller wins face-off versus Mika Zibanejad in neutral zone.
0:32 of 1st period - Shot by Max Pacioretty.
0:32 of 1st period - Shot Blocked by Ian Cole.
1:55 of 1st period - Shot by Brandon Tanev.
1:55 of 1st period - Deflect By Travis Zajac.
1:55 of 1st period - Stopped by Tristan Jarry without a rebound.
1:56 of 1st period - Ryan Getzlaf wins face-off versus Steven Lorentz in REGINA FALCONS zone.
1:56 of 1st period - Ryan Getzlaf is hit by Steven Lorentz.
2:04 of 1st period - Shot by Patrik Laine.
2:04 of 1st period - Stopped by Linus Ullmark with a rebound.
3:00 of 1st period - Shot by Brandon Tanev.
3:00 of 1st period - Stopped by Tristan Jarry with a rebound.
3:05 of 1st period - Icing by Ryan Getzlaf.
3:06 of 1st period - Ryan Getzlaf wins face-off versus Mika Zibanejad in REGINA FALCONS zone.
3:06 of 1st period - Ryan Getzlaf is hit by Mika Zibanejad.
3:09 of 1st period - Patrik Laine is hit by Brad Marchand.
3:25 of 1st period - Shot by Mika Zibanejad.
3:25 of 1st period - Shot Misses the Net.
3:27 of 1st period - Shot by Mika Zibanejad.
3:27 of 1st period - Stopped by Tristan Jarry without a rebound.
3:28 of 1st period - David Krejci wins face-off versus Denis Malgin in REGINA FALCONS zone.
4:35 of 1st period - Shot by David Pastrnak.
4:35 of 1st period - Shot Misses the Net.
5:16 of 1st period - Shot by Brad Marchand.
5:16 of 1st period - Shot Misses the Net.
5:34 of 1st period - Shot by Ryan Getzlaf.
5:34 of 1st period - Shot Misses the Net.
5:44 of 1st period - Shot by Jonathan Audy-Marchessault.
5:44 of 1st period - Goal by Jonathan Audy-Marchessault - WINNIPEG BEAVERS : 0 - REGINA FALCONS : 1.
5:45 of 1st period - Travis Zajac wins face-off versus Derick Brassard in neutral zone.
6:33 of 1st period - Off-side.
6:34 of 1st period - Ryan Getzlaf wins face-off versus Steven Lorentz in neutral zone.
7:02 of 1st period - Shot by Patrik Laine.
7:02 of 1st period - Stopped by Linus Ullmark with a rebound.
7:04 of 1st period - Shot by Ryan Getzlaf.
7:04 of 1st period - Shot Blocked by Kris Russell.
7:10 of 1st period - Shot by Patrik Laine.
7:10 of 1st period - Shot Misses the Net.
7:14 of 1st period - Shot by Jonathan Audy-Marchessault.
7:14 of 1st period - Stopped by Linus Ullmark with a rebound.
7:53 of 1st period - Shot by Jonathan Miller.
7:53 of 1st period - Shot Misses the Net.
7:59 of 1st period - Shot by David Pastrnak.
7:59 of 1st period - Shot Misses the Net.
8:03 of 1st period - Shot by David Pastrnak.
8:03 of 1st period - Goal by David Pastrnak - WINNIPEG BEAVERS : 0 - REGINA FALCONS : 2.
8:04 of 1st period - Corey Perry wins face-off versus Mika Zibanejad in neutral zone.
8:09 of 1st period - Icing by Brad Marchand.
8:10 of 1st period - Mika Zibanejad wins face-off versus Derick Brassard in WINNIPEG BEAVERS zone.
9:10 of 1st period - Shot by Joe Pavelski.
9:10 of 1st period - Shot Blocked by Marc-Edouard Vlasic.
9:22 of 1st period - Shot by Joe Pavelski.
9:22 of 1st period - Shot Misses the Net.
9:30 of 1st period - Shot by Joe Pavelski.
9:30 of 1st period - Stopped by Tristan Jarry without a rebound.
9:31 of 1st period - Ryan Getzlaf wins face-off versus Travis Zajac in REGINA FALCONS zone.
9:39 of 1st period - Icing by Erik Johnson.
9:40 of 1st period - Travis Zajac wins face-off versus Ryan Getzlaf in REGINA FALCONS zone.
9:45 of 1st period - Shot by Brandon Tanev.
9:45 of 1st period - Stopped by Tristan Jarry without a rebound.
9:46 of 1st period - David Krejci wins face-off versus David Pastrnak in REGINA FALCONS zone.
10:24 of 1st period - Carson Soucy is hit by Max Pacioretty and loses puck.
11:12 of 1st period - Off-side.
11:13 of 1st period - Travis Zajac wins face-off versus Denis Malgin in neutral zone.
11:13 of 1st period - Brandon Tanev is hit by Matt Martin and loses puck.
11:46 of 1st period - Travis Zajac is hit by Brandon Carlo and loses puck.
12:22 of 1st period - Shot by Mika Zibanejad.
12:22 of 1st period - Stopped by Tristan Jarry without a rebound.
12:23 of 1st period - Steven Lorentz wins face-off versus Ryan Getzlaf in REGINA FALCONS zone.
12:29 of 1st period - Icing by Anton Stralman.
12:30 of 1st period - Mika Zibanejad wins face-off versus Ryan Getzlaf in REGINA FALCONS zone.
12:30 of 1st period - Brad Marchand is hit by Erik Johnson and loses puck.
13:01 of 1st period - Ryan Getzlaf is hit by Dylan DeMelo and loses puck.
13:28 of 1st period - Mika Zibanejad is hit by Brenden Dillon and loses puck.
14:33 of 1st period - Shot by Filip Zadina.
14:33 of 1st period - Stopped by Linus Ullmark without a rebound.
14:34 of 1st period - Ryan Getzlaf wins face-off versus Travis Zajac in WINNIPEG BEAVERS zone.
14:37 of 1st period - Shot by Patrik Laine.
14:37 of 1st period - Stopped by Linus Ullmark without a rebound.
14:38 of 1st period - Travis Zajac wins face-off versus Ryan Getzlaf in WINNIPEG BEAVERS zone.
14:50 of 1st period - Shot by Brandon Tanev.
14:50 of 1st period - Shot Misses the Net.
14:52 of 1st period - Shot by Brandon Tanev.
14:52 of 1st period - Shot Misses the Net.
14:54 of 1st period - Shot by Travis Zajac.
14:54 of 1st period - Shot Blocked by Erik Johnson.
14:56 of 1st period - Shot by Ian Cole.
14:56 of 1st period - Shot Misses the Net.
14:58 of 1st period - Shot by Sean Kuraly.
14:58 of 1st period - Shot Blocked by Erik Johnson.
15:00 of 1st period - Shot by Ian Cole.
15:00 of 1st period - Stopped by Tristan Jarry with a rebound.
15:14 of 1st period - Shot by Patrik Laine.
15:14 of 1st period - Stopped by Linus Ullmark without a rebound.
15:15 of 1st period - David Krejci wins face-off versus Derick Brassard in WINNIPEG BEAVERS zone.
15:17 of 1st period - Icing by Joe Pavelski.
15:18 of 1st period - Derick Brassard wins face-off versus David Krejci in WINNIPEG BEAVERS zone.
15:38 of 1st period - Joe Pavelski is hit by Brandon Carlo and loses puck.
15:50 of 1st period - Icing by Derick Brassard.
15:51 of 1st period - Derick Brassard wins face-off versus Sean Kuraly in REGINA FALCONS zone.
15:53 of 1st period - Icing by Filip Zadina.
15:54 of 1st period - Derick Brassard wins face-off versus Travis Zajac in REGINA FALCONS zone.
15:59 of 1st period - Shot by Derick Brassard.
15:59 of 1st period - Deflect By Filip Zadina.
15:59 of 1st period - Shot Misses the Net.
16:16 of 1st period - Derick Brassard is hit by Justin Braun and loses puck.
16:22 of 1st period - Icing by Justin Braun.
16:23 of 1st period - Jonathan Miller wins face-off versus Travis Zajac in WINNIPEG BEAVERS zone.
16:49 of 1st period - Travis Zajac is hit by David Pastrnak and loses puck.
17:00 of 1st period - Shot by Max Pacioretty.
17:00 of 1st period - Stopped by Linus Ullmark without a rebound.
17:01 of 1st period - Ryan Getzlaf wins face-off versus Ondrej Palat in WINNIPEG BEAVERS zone.
17:04 of 1st period - Shot by Patrik Laine.
17:04 of 1st period - Goal by Patrik Laine - WINNIPEG BEAVERS : 0 - REGINA FALCONS : 3.
17:05 of 1st period - David Krejci wins face-off versus Ryan Getzlaf in neutral zone.
17:05 of 1st period - David Krejci is hit by Ryan Getzlaf.
17:33 of 1st period - Shot by Ondrej Palat.
17:33 of 1st period - Stopped by Tristan Jarry without a rebound.
17:34 of 1st period - Mika Zibanejad wins face-off versus Jonathan Miller in REGINA FALCONS zone.
18:24 of 1st period - Mika Zibanejad is hit by David Pastrnak and loses puck.
18:40 of 1st period - Icing by Jonathan Miller.
18:41 of 1st period - Jonathan Miller wins face-off versus David Krejci in REGINA FALCONS zone.
19:16 of 1st period - Icing by Justin Braun.
19:17 of 1st period - Ryan Getzlaf wins face-off versus David Krejci in WINNIPEG BEAVERS zone.
19:18 of 1st period - Shot by Patrik Laine.
19:18 of 1st period - Shot Misses the Net.
19:42 of 1st period - Icing by Ian Cole.
19:43 of 1st period - David Krejci wins face-off versus Derick Brassard in WINNIPEG BEAVERS zone.
19:43 of 1st period - David Krejci is hit by Derick Brassard.
19:49 of 1st period - Ondrej Palat is hit by Derick Brassard and loses puck.
Goals for this period are 0 for WINNIPEG BEAVERS vs 3 for REGINA FALCONS.
Shots for this period are 8 for WINNIPEG BEAVERS vs 10 for REGINA FALCONS.

2nd period


0:01 of 2nd period - Travis Zajac wins face-off versus Ryan Getzlaf in neutral zone.
0:03 of 2nd period - Ian Cole is hit by Jonathan Audy-Marchessault and loses puck.
0:31 of 2nd period - Shot by Sean Kuraly.
0:31 of 2nd period - Shot Misses the Net.
0:34 of 2nd period - Icing by Erik Johnson.
0:35 of 2nd period - Mika Zibanejad wins face-off versus Ryan Getzlaf in REGINA FALCONS zone.
0:54 of 2nd period - Shot by Patrik Laine.
0:54 of 2nd period - Deflect By Jonathan Audy-Marchessault.
0:54 of 2nd period - Shot Misses the Net.
0:56 of 2nd period - Shot by Anton Stralman.
0:56 of 2nd period - Shot Misses the Net.
1:14 of 2nd period - Shot by Jonathan Miller.
1:14 of 2nd period - Goal by Jonathan Miller - WINNIPEG BEAVERS : 0 - REGINA FALCONS : 4.
1:14 of 2nd period - Sergei Bobrovsky enters game.
1:15 of 2nd period - Derick Brassard wins face-off versus David Krejci in neutral zone.
1:18 of 2nd period - Joe Pavelski is hit by Corey Perry and loses puck.
1:39 of 2nd period - Shot by Derick Brassard.
1:39 of 2nd period - Shot Misses the Net.
1:48 of 2nd period - Minor Penalty to Brenden Dillon for Hooking.
1:49 of 2nd period - Mika Zibanejad wins face-off versus Denis Malgin in REGINA FALCONS zone.
2:06 of 2nd period - Shot by Brad Marchand.
2:06 of 2nd period - Stopped by Tristan Jarry without a rebound.
2:07 of 2nd period - David Krejci wins face-off versus Matt Martin in REGINA FALCONS zone.
2:30 of 2nd period - Shot by Gustav Nyquist.
2:30 of 2nd period - Deflect By Ondrej Palat.
2:30 of 2nd period - Shot Hit the Post.
2:32 of 2nd period - Shot by Dylan DeMelo.
2:32 of 2nd period - Stopped by Tristan Jarry without a rebound.
2:33 of 2nd period - Denis Malgin wins face-off versus Mika Zibanejad in REGINA FALCONS zone.
2:35 of 2nd period - Brandon Carlo is hit by Joe Pavelski and loses puck.
2:39 of 2nd period - Brandon Carlo is hit by Ian Cole and loses puck.
3:11 of 2nd period - Minor Penalty to Brad Marchand for Hooking.
3:12 of 2nd period - Ryan Getzlaf wins face-off versus Brandon Tanev in WINNIPEG BEAVERS zone.
3:37 of 2nd period - Shot by David Krejci.
3:37 of 2nd period - Stopped by Tristan Jarry without a rebound.
3:38 of 2nd period - Travis Zajac wins face-off versus Ryan Getzlaf in REGINA FALCONS zone.
4:03 of 2nd period - Shot by Jonathan Miller.
4:03 of 2nd period - Goal by Jonathan Miller - WINNIPEG BEAVERS : 0 - REGINA FALCONS : 5.
4:04 of 2nd period - Mika Zibanejad wins face-off versus Derick Brassard in neutral zone.
4:15 of 2nd period - Shot by Corey Perry.
4:15 of 2nd period - Deflect By Filip Zadina.
4:15 of 2nd period - Shot Misses the Net.
4:33 of 2nd period - Shot by Filip Zadina.
4:33 of 2nd period - Stopped by Sergei Bobrovsky without a rebound.
4:34 of 2nd period - David Krejci wins face-off versus Ryan Getzlaf in WINNIPEG BEAVERS zone.
5:11 of 2nd period - Shot by Ondrej Palat.
5:11 of 2nd period - Stopped by Tristan Jarry with a rebound.
5:18 of 2nd period - Icing by Marc-Edouard Vlasic.
5:19 of 2nd period - Jonathan Audy-Marchessault wins face-off versus Travis Zajac in REGINA FALCONS zone.
5:40 of 2nd period - Icing by Travis Zajac.
5:41 of 2nd period - Jonathan Miller wins face-off versus Travis Zajac in WINNIPEG BEAVERS zone.
5:48 of 2nd period - Icing by Kris Russell.
5:49 of 2nd period - Jonathan Miller wins face-off versus Sean Kuraly in WINNIPEG BEAVERS zone.
5:50 of 2nd period - Shot by David Pastrnak.
5:50 of 2nd period - Stopped by Sergei Bobrovsky with a rebound.
7:01 of 2nd period - Shot by Mika Zibanejad.
7:01 of 2nd period - Shot Misses the Net.
7:12 of 2nd period - Minor Penalty to Brenden Dillon for High sticking.
7:13 of 2nd period - Denis Malgin wins face-off versus David Krejci in REGINA FALCONS zone.
8:15 of 2nd period - Erik Johnson is hit by Brad Marchand and loses puck.
9:24 of 2nd period - Shot by Jonathan Miller.
9:24 of 2nd period - Shot Misses the Net.
10:04 of 2nd period - Shot by Sean Kuraly.
10:04 of 2nd period - Shot Hit the Post.
10:58 of 2nd period - Shot by Patrik Laine.
10:58 of 2nd period - Shot Misses the Net.
11:02 of 2nd period - Shot by Patrik Laine.
11:02 of 2nd period - Shot Misses the Net.
11:04 of 2nd period - Shot by Ryan Getzlaf.
11:04 of 2nd period - Stopped by Sergei Bobrovsky with a rebound.
11:44 of 2nd period - Shot by Marc-Edouard Vlasic.
11:44 of 2nd period - Stopped by Sergei Bobrovsky without a rebound.
11:45 of 2nd period - David Krejci wins face-off versus Denis Malgin in WINNIPEG BEAVERS zone.
12:09 of 2nd period - Shot by David Krejci.
12:09 of 2nd period - Stopped by Tristan Jarry with a rebound.
12:16 of 2nd period - Icing by Erik Johnson.
12:17 of 2nd period - Mika Zibanejad wins face-off versus Denis Malgin in REGINA FALCONS zone.
12:18 of 2nd period - Shot by Brad Marchand.
12:18 of 2nd period - Shot Misses the Net.
12:34 of 2nd period - Shot by Gustav Nyquist.
12:34 of 2nd period - Shot Misses the Net.
12:36 of 2nd period - Shot by Kris Russell.
12:36 of 2nd period - Shot Misses the Net.
12:38 of 2nd period - Shot by Brad Marchand.
12:38 of 2nd period - Stopped by Tristan Jarry with a rebound.
12:48 of 2nd period - Shot by Brad Marchand.
12:48 of 2nd period - Stopped by Tristan Jarry without a rebound.
12:49 of 2nd period - Jonathan Miller wins face-off versus David Krejci in REGINA FALCONS zone.
12:54 of 2nd period - Carson Soucy is hit by Jonathan Miller and loses puck.
12:58 of 2nd period - Minor Penalty to Carson Soucy for Holding Stick.
12:59 of 2nd period - Jonathan Miller wins face-off versus David Krejci in WINNIPEG BEAVERS zone.
13:16 of 2nd period - Shot by David Pastrnak.
13:16 of 2nd period - Deflect By Jonathan Miller.
13:16 of 2nd period - Stopped by Sergei Bobrovsky without a rebound.
13:17 of 2nd period - Ryan Getzlaf wins face-off versus David Krejci in WINNIPEG BEAVERS zone.
13:29 of 2nd period - Shot by Brandon Carlo.
13:29 of 2nd period - Shot Blocked by Dylan DeMelo.
13:31 of 2nd period - Shot by Erik Gustafsson.
13:31 of 2nd period - Shot Misses the Net.
13:35 of 2nd period - Shot by Jonathan Audy-Marchessault.
13:35 of 2nd period - Goal by Jonathan Audy-Marchessault - WINNIPEG BEAVERS : 0 - REGINA FALCONS : 6.
13:36 of 2nd period - Jonathan Miller wins face-off versus Mika Zibanejad in neutral zone.
13:38 of 2nd period - David Pastrnak is hit by Travis Dermott and loses puck.
13:48 of 2nd period - Shot by David Pastrnak.
13:48 of 2nd period - Stopped by Sergei Bobrovsky without a rebound.
13:49 of 2nd period - David Krejci wins face-off versus Jonathan Audy-Marchessault in WINNIPEG BEAVERS zone.
13:59 of 2nd period - Shot by Patrik Laine.
13:59 of 2nd period - Shot Misses the Net.
14:04 of 2nd period - Patrik Laine is hit by Travis Dermott and loses puck.
14:17 of 2nd period - Shot by Patrik Laine.
14:17 of 2nd period - Shot Misses the Net.
14:19 of 2nd period - Shot by Patrik Laine.
14:19 of 2nd period - Shot Blocked by Carson Soucy.
14:21 of 2nd period - Shot by Ryan Getzlaf.
14:21 of 2nd period - Deflect By Jonathan Audy-Marchessault.
14:21 of 2nd period - Stopped by Sergei Bobrovsky without a rebound.
14:22 of 2nd period - Mika Zibanejad wins face-off versus Jonathan Miller in WINNIPEG BEAVERS zone.
14:38 of 2nd period - Icing by Anton Stralman.
14:39 of 2nd period - Jonathan Miller wins face-off versus Steven Lorentz in REGINA FALCONS zone.
15:14 of 2nd period - Shot by Jonathan Miller.
15:14 of 2nd period - Stopped by Sergei Bobrovsky with a rebound.
15:16 of 2nd period - Shot by Jonathan Miller.
15:16 of 2nd period - Shot Misses the Net.
16:32 of 2nd period - Off-side.
16:33 of 2nd period - Ryan Getzlaf wins face-off versus Travis Zajac in neutral zone.
17:03 of 2nd period - Shot by Patrik Laine.
17:03 of 2nd period - Stopped by Sergei Bobrovsky without a rebound.
17:04 of 2nd period - Mika Zibanejad wins face-off versus Jonathan Miller in WINNIPEG BEAVERS zone.
17:36 of 2nd period - Shot by Brad Marchand.
17:36 of 2nd period - Deflect By Gustav Nyquist.
17:36 of 2nd period - Stopped by Tristan Jarry with a rebound.
17:38 of 2nd period - Shot by Mika Zibanejad.
17:38 of 2nd period - Stopped by Tristan Jarry without a rebound.
17:39 of 2nd period - Joe Pavelski wins face-off versus Ryan Getzlaf in REGINA FALCONS zone.
17:52 of 2nd period - Minor Penalty to Brandon Carlo for Hooking.
17:53 of 2nd period - David Krejci wins face-off versus Denis Malgin in REGINA FALCONS zone.
19:14 of 2nd period - Brad Marchand is hit by Brenden Dillon and loses puck.
19:45 of 2nd period - Shot by Ondrej Palat.
19:45 of 2nd period - Shot Misses the Net.
19:55 of 2nd period - Shot by Brandon Tanev.
19:55 of 2nd period - Shot Blocked by Erik Johnson.
Goals for this period are 0 for WINNIPEG BEAVERS vs 3 for REGINA FALCONS.
Shots for this period are 9 for WINNIPEG BEAVERS vs 12 for REGINA FALCONS.

3rd period


0:01 of 3rd period - Mika Zibanejad wins face-off versus Ryan Getzlaf in neutral zone.
0:40 of 3rd period - Shot by Patrik Laine.
0:40 of 3rd period - Shot Blocked by Mika Zibanejad.
0:42 of 3rd period - Shot by Ryan Getzlaf.
0:42 of 3rd period - Shot Blocked by Brad Marchand.
0:44 of 3rd period - Shot by Ryan Getzlaf.
0:44 of 3rd period - Stopped by Sergei Bobrovsky without a rebound.
0:45 of 3rd period - David Krejci wins face-off versus Max Pacioretty in WINNIPEG BEAVERS zone.
1:59 of 3rd period - Icing by Carson Soucy.
2:00 of 3rd period - Derick Brassard wins face-off versus Travis Zajac in WINNIPEG BEAVERS zone.
2:04 of 3rd period - Minor Penalty to Travis Dermott for Hooking.
2:05 of 3rd period - Ryan Getzlaf wins face-off versus Travis Zajac in WINNIPEG BEAVERS zone.
2:20 of 3rd period - Shot by Patrik Laine.
2:20 of 3rd period - Stopped by Sergei Bobrovsky with a rebound.
2:42 of 3rd period - Shot by Brandon Carlo.
2:42 of 3rd period - Stopped by Sergei Bobrovsky without a rebound.
2:43 of 3rd period - Jonathan Miller wins face-off versus David Krejci in WINNIPEG BEAVERS zone.
3:54 of 3rd period - Shot by Ryan Getzlaf.
3:54 of 3rd period - Deflect By Patrik Laine.
3:54 of 3rd period - Shot Misses the Net.
3:56 of 3rd period - Shot by Brandon Carlo.
3:56 of 3rd period - Shot Misses the Net.
4:09 of 3rd period - Filip Zadina is hit by Travis Dermott and loses puck.
4:16 of 3rd period - Shot by Filip Zadina.
4:16 of 3rd period - Stopped by Sergei Bobrovsky with a rebound.
4:18 of 3rd period - Shot by Corey Perry.
4:18 of 3rd period - Deflect By Derick Brassard.
4:18 of 3rd period - Stopped by Sergei Bobrovsky with a rebound.
4:38 of 3rd period - Shot by Filip Zadina.
4:38 of 3rd period - Shot Misses the Net.
4:40 of 3rd period - Shot by Filip Zadina.
4:40 of 3rd period - Stopped by Sergei Bobrovsky without a rebound.
4:41 of 3rd period - Jonathan Miller wins face-off versus David Krejci in WINNIPEG BEAVERS zone.
4:48 of 3rd period - Shot by David Pastrnak.
4:48 of 3rd period - Shot Misses the Net.
4:50 of 3rd period - Shot by Jonathan Miller.
4:50 of 3rd period - Shot Misses the Net.
5:01 of 3rd period - Max Pacioretty is hit by Dylan DeMelo and loses puck.
5:10 of 3rd period - Shot by David Pastrnak.
5:10 of 3rd period - Stopped by Sergei Bobrovsky without a rebound.
5:11 of 3rd period - Gustav Nyquist wins face-off versus Ryan Getzlaf in WINNIPEG BEAVERS zone.
5:11 of 3rd period - Gustav Nyquist is hit by Ryan Getzlaf.
5:48 of 3rd period - Minor Penalty to Jonathan Audy-Marchessault for Hooking.
5:49 of 3rd period - David Krejci wins face-off versus Denis Malgin in REGINA FALCONS zone.
5:58 of 3rd period - Shot by David Krejci.
5:58 of 3rd period - Shot Misses the Net.
6:00 of 3rd period - Shot by Justin Braun.
6:00 of 3rd period - Stopped by Tristan Jarry without a rebound.
6:01 of 3rd period - Mika Zibanejad wins face-off versus Denis Malgin in REGINA FALCONS zone.
6:08 of 3rd period - Shot by Mika Zibanejad.
6:08 of 3rd period - Shot Blocked by Anton Stralman.
6:18 of 3rd period - Shot by Brad Marchand.
6:18 of 3rd period - Deflect By Mika Zibanejad.
6:18 of 3rd period - Shot Misses the Net.
6:20 of 3rd period - Shot by Ian Cole.
6:20 of 3rd period - Stopped by Tristan Jarry without a rebound.
6:21 of 3rd period - David Krejci wins face-off versus Ryan Getzlaf in REGINA FALCONS zone.
6:28 of 3rd period - Shot by David Krejci.
6:28 of 3rd period - Shot Misses the Net.
7:13 of 3rd period - Anton Stralman is hit by David Krejci and loses puck.
8:13 of 3rd period - Minor Penalty to Jonathan Miller for Roughing.
8:14 of 3rd period - Mika Zibanejad wins face-off versus Denis Malgin in REGINA FALCONS zone.
8:21 of 3rd period - Shot by Brad Marchand.
8:21 of 3rd period - Stopped by Tristan Jarry without a rebound.
8:22 of 3rd period - Mika Zibanejad wins face-off versus Ryan Getzlaf in REGINA FALCONS zone.
9:19 of 3rd period - Shot by Ondrej Palat.
9:19 of 3rd period - Goal by Ondrej Palat - WINNIPEG BEAVERS : 1 - REGINA FALCONS : 6.
9:20 of 3rd period - Max Pacioretty wins face-off versus Travis Zajac in neutral zone.
9:31 of 3rd period - Minor Penalty to David Pastrnak for Slashing.
9:32 of 3rd period - Mika Zibanejad wins face-off versus Denis Malgin in REGINA FALCONS zone.
10:30 of 3rd period - Erik Johnson is hit by Ondrej Palat and loses puck.
12:00 of 3rd period - Shot by Travis Zajac.
12:00 of 3rd period - Shot Misses the Net.
12:12 of 3rd period - Shot by Michael Raffl.
12:12 of 3rd period - Stopped by Tristan Jarry without a rebound.
12:13 of 3rd period - Steven Lorentz wins face-off versus Derick Brassard in REGINA FALCONS zone.
12:13 of 3rd period - Ian Cole is hit by Anton Stralman and loses puck.
12:46 of 3rd period - Icing by Anton Stralman.
12:47 of 3rd period - Derick Brassard wins face-off versus Mika Zibanejad in REGINA FALCONS zone.
12:52 of 3rd period - Minor Penalty to Derick Brassard for Tripping.
12:53 of 3rd period - Mika Zibanejad wins face-off versus Denis Malgin in REGINA FALCONS zone.
13:00 of 3rd period - Shot by Mika Zibanejad.
13:00 of 3rd period - Shot Blocked by Brandon Carlo.
13:02 of 3rd period - Shot by Mika Zibanejad.
13:02 of 3rd period - Shot Blocked by Marc-Edouard Vlasic.
13:04 of 3rd period - Shot by Brad Marchand.
13:04 of 3rd period - Shot Misses the Net.
13:28 of 3rd period - Shot by Joe Pavelski.
13:28 of 3rd period - Stopped by Tristan Jarry without a rebound.
13:29 of 3rd period - David Krejci wins face-off versus Ryan Getzlaf in REGINA FALCONS zone.
13:36 of 3rd period - Shot by Ondrej Palat.
13:36 of 3rd period - Stopped by Tristan Jarry without a rebound.
13:37 of 3rd period - Ryan Getzlaf wins face-off versus David Krejci in REGINA FALCONS zone.
13:37 of 3rd period - Ryan Getzlaf is hit by Ondrej Palat.
14:45 of 3rd period - Shot by Brad Marchand.
14:45 of 3rd period - Goal by Brad Marchand - WINNIPEG BEAVERS : 2 - REGINA FALCONS : 6.
14:46 of 3rd period - Travis Zajac wins face-off versus Ryan Getzlaf in neutral zone.
14:51 of 3rd period - Icing by Ryan Getzlaf.
14:52 of 3rd period - Ryan Getzlaf wins face-off versus Sean Kuraly in REGINA FALCONS zone.
14:56 of 3rd period - Off-side.
14:57 of 3rd period - Travis Zajac wins face-off versus Ryan Getzlaf in neutral zone.
15:06 of 3rd period - Shot by Brandon Tanev.
15:06 of 3rd period - Shot Misses the Net.
15:23 of 3rd period - Icing by Brandon Carlo.
15:24 of 3rd period - Mika Zibanejad wins face-off versus Ryan Getzlaf in REGINA FALCONS zone.
15:37 of 3rd period - Shot by Brad Marchand.
15:37 of 3rd period - Stopped by Tristan Jarry without a rebound.
15:38 of 3rd period - David Krejci wins face-off versus Jonathan Miller in REGINA FALCONS zone.
15:38 of 3rd period - Ondrej Palat is hit by Anton Stralman and loses puck.
15:51 of 3rd period - Travis Dermott is hit by Max Pacioretty and loses puck.
16:05 of 3rd period - Minor Penalty to Max Pacioretty for Holding.
16:06 of 3rd period - Joe Pavelski wins face-off versus Denis Malgin in REGINA FALCONS zone.
17:30 of 3rd period - Shot by David Krejci.
17:30 of 3rd period - Shot Misses the Net.
17:32 of 3rd period - Shot by Travis Dermott.
17:32 of 3rd period - Shot Misses the Net.
17:42 of 3rd period - Shot by Gustav Nyquist.
17:42 of 3rd period - Stopped by Tristan Jarry with a rebound.
18:06 of 3rd period - Shot by Mika Zibanejad.
18:06 of 3rd period - Shot Hit the Post.
18:45 of 3rd period - Shot by David Pastrnak.
18:45 of 3rd period - Stopped by Sergei Bobrovsky without a rebound.
18:46 of 3rd period - Travis Zajac wins face-off versus Ryan Getzlaf in WINNIPEG BEAVERS zone.
18:46 of 3rd period - Travis Zajac is hit by Jonathan Audy-Marchessault.
19:55 of 3rd period - Shot by Mika Zibanejad.
19:55 of 3rd period - Stopped by Tristan Jarry without a rebound.
19:56 of 3rd period - David Krejci wins face-off versus Filip Zadina in REGINA FALCONS zone.
Goals for this period are 2 for WINNIPEG BEAVERS vs 0 for REGINA FALCONS.
Shots for this period are 11 for WINNIPEG BEAVERS vs 8 for REGINA FALCONS.


SEBASTIAN
AHO
MARK
SCHEIFELE
JAKE
OETTINGER

EAST COAST

HOCKEY LEAGUE

  • 17.QUE3CHI2
  • 18.CHA2LIM4
  • 19.TRV3LON2
  • 20.CHW1BAL2
  • 21.PITMAN
  • 22.ATLNHW
  • 23.WORPET
  • 24.RHI